 Dungeon Crawl Stone Soup version 0.19-a0-376-gf780d9b (webtiles) character file.

31 Duffy the Gusty (level 3, -9/21 HPs)
             Began as a High Elf Air Elementalist on May 30, 2016.
             Mangled by Sigmund
             ... wielding a +0 scythe
              (15 damage)
             ... on level 2 of the Dungeon.
             The game lasted 00:02:23 (1916 turns).

Duffy the Gusty (High Elf Air Elementalist)         Turns: 1916, Time: 00:02:24

Health: -9/21      AC:  2    Str:  8    XL:     3   Next: 7%
Magic:  5/8        EV: 13    Int: 18    God:
Gold:   89         SH:  0    Dex: 16    Spells: 3 memorised, 2 levels left

rFire  . . .     SeeInvis .     i - +2 dagger (flame)
rCold  . . .     Gourm    .     a - +0 robe
rNeg   + . .     Faith    .     (no shield)
rPois  .         Spirit   .     (no helmet)
rElec  .         Dismiss  .     (no cloak)
rCorr  .         Reflect  .     (no gloves)
SustAt .         Harm     .     (no boots)
MR     .....                    (no amulet)
Stlth  ++........               (no ring)
                                j - ring of positive energy

@: repel missiles, not resistant to hostile enchantments, unstealthy
A: no striking features
a: no special abilities


You were on level 2 of the Dungeon.
You were hungry.

You visited 1 branch of the dungeon, and saw 2 of its levels.

You collected 89 gold pieces.


   Skills:
 - Level 2.1 Dodging
 - Level 2.1 Stealth
 - Level 3.0 Spellcasting
 - Level 2.8 Conjurations
 + Level 3.6 Air Magic


You had 2 spell levels left.
You knew the following spells:

 Your Spells              Type           Power        Failure   Level  Hunger
a - Shock                 Conj/Air       ##..         6%          1    None
c - Static Discharge      Conj/Air       ##......     17%         3    ###....
m - Repel Missiles        Chrm/Air       #.....       12%         2    ##.....

Inventory:

Hand Weapons
 i - a +2 dagger of flaming (weapon)
Armour
 a - a +0 robe (worn)
Jewellery
 j - a ring of positive energy (left hand)
Scrolls
 e - 7 scrolls of remove curse {unknown}
 f - 2 scrolls of identify {unknown}
 l - a scroll of magic mapping {unknown}
 o - a scroll of fear {unknown}
 q - a scroll of enchant armour {unknown}
Potions
 d - 2 potions of agility {unknown}
 k - 2 potions of curing {unknown}
 p - a potion of lignification {unknown}
Books
 b - a book of Air
Comestibles
 c - a bread ration
 g - 6 fruits
 h - a meat ration
 n - a beef jerky

Dungeon Overview and Level Annotations

Branches:
Dungeon (2/15)

Altars:
Pakellas

Annotations:
D:2 Sigmund


Message History

You see here 18 bolts.
You start waiting.
Done waiting.
Sigmund shouts!
Sigmund barely misses you.
Sigmund casts a spell.
Sigmund flickers and vanishes!
You are feeling hungry.
You see here a spear.
You start waiting.
Done waiting.
Cast which spell? (? or * to list)
Aiming: Shock
Press: ? - help, Shift-Dir - straight line, f/p - Sigmund
Aim: Sigmund, wielding a scythe and wearing a robe (hasn't noticed you)
The zap hits Sigmund.
Sigmund is lightly wounded.
Sigmund shouts!
Sigmund points at you and mumbles some strange words.
You are confused.
You bump into the rock wall.
Sigmund misses you.
You feel less confused. Sigmund misses you.
Cast which spell? (? or * to list)
Aiming: Shock
Press: ? - help, Shift-Dir - straight line, p - Sigmund The zap misses Sigmund.
The zap hits Sigmund.
Sigmund is moderately wounded.
Sigmund gestures at you while chanting.
You are confused.
You bump into the rock wall.
Sigmund misses you.
You're too confused to move!
Sigmund hits you from afar with a scythe!
You feel less confused. Sigmund hits you with a scythe!
Cast which spell? (? or * to list)
Aiming: Shock
Press: ? - help, Shift-Dir - straight line The zap hits Sigmund.
Sigmund is moderately wounded.
The zap misses Sigmund.
Cast which spell? (? or * to list)
Aiming: Shock
Press: ? - help, Shift-Dir - straight line The zap misses Sigmund.
The zap hits Sigmund.
Sigmund is moderately wounded.
Sigmund hits you with a scythe!
Ouch! That really hurt!
You die...

####....#.## #.##.##### #.....
#.##.#..# #.##..)..# ######
####.##.##.###.######.# #
...#..#.##...#.# #.# ####
##.##.#.##...#.# #.########...
#.##.#......#.# #.##........#
#.##.###.##.#.######.##........#
#.##'###.##.#.@.......+........#
#.....##.##....@.....##........#
#.....##.###.......[.##........#
#.....##.. #.......(.##........#
########.. ##>.................#
#.# #....#...#.........#
~.....#...#.#########
~.~.....###..# ...###..#...#.#
.~. #..#._.#.#


You could see Sigmund.

Action                   || total
-------------------------++-------
 Cast: Shock             ||    60
       Repel Missiles    ||     1
  Eat: Chunk             ||     2
Armor: Robe              ||     1
Dodge: Dodged            ||    10

Notes
Turn   | Place    | Note
--------------------------------------------------------------
     0 | D:1      | Duffy the High Elf Air Elementalist began the quest for the Orb.
     0 | D:1      | Reached XP level 1. HP: 11/11 MP: 4/4
   401 | D:1      | Reached XP level 2. HP: 17/17 MP: 3/6
   405 | D:1      | Learned a level 2 spell: Repel Missiles
   707 | D:1      | Reached skill level 2 in Conjurations
   855 | D:1      | Reached skill level 3 in Spellcasting
  1510 | D:2      | Reached XP level 3. HP: 21/21 MP: 2/8
  1565 | D:2      | Learned a level 3 spell: Static Discharge
  1589 | D:2      | Noticed Sigmund
  1604 | D:2      | Found an oddly glowing altar of Pakellas.
  1916 | D:2      | Mangled by Sigmund

Skill      XL: |  1  2 |
---------------+-------+-----
Conjurations   | 2 |  2.8
Spellcasting   | 3 |  3.0
Dodging        | |  2.1
Stealth        | |  2.1
Air Magic      | |  3.6

Vault maps used:
D:1:      dpeg_arrival_castle, hangedman_abyss_or_decor_lesser_grid
D:2:      nicolae_ru_path_of_blood, grunt_pakellas_mercury, uniq_sigmund

Vanquished Creatures
  A worm
  A giant gecko
  3 goblins
  A hobgoblin
  3 jackals
  4 bats
  4 giant newts
  6 kobolds
  6 rats
29 creatures vanquished.
